 Dungeon Crawl Stone Soup version 0.18.1-5-g4a78601 (webtiles) character file.

51 oplop the Insei (level 3, -1/34 HPs)
             Began as an Octopode Transmuter on May 9, 2016.
             Slain by a jackal (3 damage)
             ... on level 2 of the Dungeon.
             The game lasted 00:02:01 (968 turns).

oplop the Insei (Octopode Transmuter)                Turns: 968, Time: 00:02:02

Health: -1/34      AC:  1    Str: 14    XL:     3   Next: 83%
Magic:  5/6        EV: 12    Int: 16    God:
Gold:   39         SH:  0    Dex: 12    Spells: 1 memorised, 5 levels left

rFire  . . .     SeeInvis .       - Unarmed
rCold  . . .     Gourm    .     (no shield)
rNeg   . . .     Faith    .     (helmet restricted)
rPois  .         Spirit   .     (no amulet)
rElec  .         Dismiss  .     d - ring of flight
rCorr  .         Reflect  .     (no ring)
SustAt .         Harm     .     (no ring)
MR     .....                    (no ring)
Stlth  ..........               (no ring)
                                (no ring)
                                (no ring)
                                (no ring)

@: berserking, appendage, very quick, not resistant to hostile enchantments,
extremely unstealthy
A: almost no armour, amphibious, 8 rings, constrict 8, tentacle spike 3,
camouflage 1, gelatinous body 1
a: End Transformation, Evoke Flight


You were on level 2 of the Dungeon.
You were not hungry.
One of your tentacles had a temporary spike.
You visited 1 branch of the dungeon, and saw 2 of its levels.

You collected 39 gold pieces.

Inventory:

Missiles
 a - 12 arrows
Jewellery
 d - a ring of flight (left tentacle)
 o - an uncursed ring of sustain attributes {unknown}
Scrolls
 e - a scroll of identify {unknown}
 h - a scroll of amnesia {unknown}
 i - a scroll of magic mapping {unknown}
 m - a scroll of remove curse {unknown}
 n - a scroll of blinking {unknown}
Potions
 j - a potion of degeneration {unknown}
 k - a potion of brilliance {unknown}
 l - a potion of ambrosia {unknown}
Books
 b - a book of Changes

   Spells                             Type                      Level
   a - Beastly Appendage              Transmutation                1
   b - Sticks to Snakes               Transmutation                2
   c - Spider Form                    Transmutation/Poison         3
   d - Ice Form                       Ice/Transmutation            4
   e - Blade Hands                    Transmutation                5
Comestibles
 c - a bread ration
 f - a royal jelly
 p - a chunk of flesh


   Skills:
 + Level 1.3 Fighting
 + Level 2.4 Dodging
 + Level 3.5 Unarmed Combat
 + Level 2.4 Spellcasting
 * Level 2.4 Transmutations


You had 5 spell levels left.
You knew the following spells:

 Your Spells              Type           Power        Failure   Level  Hunger
a - Beastly Appendage     Trmt           #.....       10%         1    #......


Dungeon Overview and Level Annotations

Branches:
Dungeon (2/15)

Altars:
Gozag
Kikubaaqudgha


Innate Abilities, Weirdness & Mutations

You cannot wear most types of armour.
You are amphibious.
You can wear up to eight rings at the same time.
You can use your tentacles to constrict eight enemies at once.
Your skin changes colour to match your surroundings (Stealth).
Your rubbery body absorbs attacks (AC +1).
One of your tentacles bears a large vicious spike.


Message History

The jackal is moderately wounded.
The jackal closely misses you. The jackal misses you.
You barely miss the jackal. You grab the jackal.
You pierce the jackal.
You squeeze the jackal.
You kill the jackal!
The jackal bites you.
* * * LOW HITPOINT WARNING * * *
The jackal bites you.
* * * LOW HITPOINT WARNING * * *
You miss the jackal. Your grab misses the jackal.
You squeeze the jackal, but do no damage.
The jackal barely misses you. The jackal closely misses you.
Unknown command.
Drink which item? (? for menu, Esc to quit)
It was a potion of berserk rage.
A red film seems to cover your vision as you go berserk!
You feel yourself moving faster!
You feel mighty! The jackal bites you.
* * * LOW HITPOINT WARNING * * *
The jackal barely misses you. The jackal bites you.
You die...

# #. #.....⌠[† .....
#.#%... ##....... .....
#.#... ##....._
.....##..#.# #####......
..(........###.........#
.....#.)........#.#### .
..........(....#.#
....##h.#....#....#.#
......h@.............
......##.....#####....
#...# ##.##....# .###
#.# #..####....# . .#...
... .. ###.# .. ... .. #
.... #. ..... ..#..


You could see 2 jackals.

Vanquished Creatures
  An adder (D:2)
  A dart slug (D:2)
  2 giant geckos (D:1)
  A ball python (D:1)
  5 goblins
  2 hobgoblins (D:1)
  4 jackals
  A quokka (D:2)
  3 bats
  A giant newt (D:1)
  2 kobolds
  16 rats (D:1)
39 creatures vanquished.

Notes
Turn   | Place    | Note
--------------------------------------------------------------
     0 | D:1      | oplop the Octopode Transmuter began the quest for the Orb.
     0 | D:1      | Reached XP level 1. HP: 13/13 MP: 3/3
    17 | D:1      | Reached XP level 2. HP: 13/18 MP: 5/5
   203 | D:1      | Reached XP level 3. HP: 17/23 MP: 4/6
   844 | D:2      | Found an opulent altar of Gozag.
   844 | D:2      | Found an ancient bone altar of Kikubaaqudgha.
   968 | D:2      | Slain by a jackal

Action                   || total
-------------------------++-------
Melee: Unarmed           ||    78
       Constrict         ||    20
       Kick              ||    13
       Tentacles         ||    12
       Punch             ||     2
 Cast: Beastly Appendage ||    16
  Use: Potion            ||     1
 Stab: Sleeping          ||     3
Armor: Skin              ||     2
Dodge: Dodged            ||    39
